[Event "Late-Titled-Tuesday-Blitz-January-30-2024"]
[Site "Chess.com"]
[Date "2024.01.30"]
[Round "1"]
[White "ozen_metehan"]
[Black "FontVella8"]
[Result "1-0"]
[WhiteElo "2454"]
[BlackElo "2742"]
[TimeControl "180+1"]
[EndTime "14:09:50 PST"]
[Termination "ozen_metehan won by resignation"]

1. d4 d5 2. c4 e6 3. Nc3 Nf6 4.
cxd5 exd5 5. Bg5 c6 6. e3 h6 7. Bh4 Be7 8. Qc2 O-O 9. Bd3 Re8 10. Nge2 a5 11. O-O Na6 12. a3 Nc7 13. Rae1 Ne6 14. f3 b5 15. Bf2 Ba6 16. Ng3 b4 17. axb4 axb4 18. Nce2 Qb6 19. Nf5 b3 20. Qb1 Bf8 21. Nc3 g6 22. Ng3 Bxd3 23. Qxd3 Qa6 24. Qd1 Qc4 25.
e4 Bb4 26. e5 Nh7 27. Qd2 Ra2 28. Rc1 c5 29. Qxh6 Rxb2 30. Nce4 Rc2 31. Nd6 Bd2 32. Qh4 Rxc1 33. Nxc4 dxc4 34. d5 Bg5 35. Qe4 c3 36. Rxc1 Bxc1 37. dxe6 Rxe6 38. Ne2 Bd2 39. Bxc5 b2 40. Bd4 Ng5 41. Qc2 Rc6 42. h4 Ne6 43.
Bxc3 Bxc3 44. Nxc3 Rxc3 45. Qxb2 Rc8 46. g3 Kg7 47. Kg2 Rc4 48. f4 Nd4 49. Qb6 Rc2+ 50. Kh3 Ne6 51. Kg4 Rc3 52. Qc6 Re3 53. Qd6 Rc3 54.
Qa6 Rc5 55. Qa1 Rc4 56. Qe1 Rd4 57. Qc1 Rd3 58. Qc8 Rd4 59. Kf3 Rd3+ 60. Kg2 Rd2+ 61. Kh3 Rd3 62. Kg2 Rd2+ 63. Kh3 Rd3 64. Qc4 Re3 65. Kg2 Ra3 66. g4 Re3 67. f5 Rxe5 68. fxe6 Rxe6 69. Qd4+ Kg8 70. g5 Re8 71. Kg3 Re6 72.
Kf4 Kf8 73. Qh8+ Ke7 74. Qg7 Rd6 75. Ke5 Re6+ 76. Kd5 Ke8 77. Qh8+ Ke7 78. Qc8 Rd6+ 79. Ke5 Re6+ 80. Kd5 Rd6+ 81. Kc5 Re6 82. Qc7+ Ke8 83. Kd5 Kf8 84. Qc8+ Ke7 85. Qg8 Rd6+ 86. Kc5 Re6 87. Qh8 Kd7 88. Qf8 Re7 89. Kd5 Re8 90. Qxf7+ Re7 91.
Qxg6 Kd8 92. Qd6+ Ke8 93. Qxe7+ Kxe7 94. h5 Kf7 95. Ke5 Kg7 96. Kf5 Kf7 97. h6 Kf8 98.
Kg6 Kg8 99. Kf6 Kh8 100. g6 Kg8 101. g7 Kh7 102. Kf7 1-0

[Event "Late-Titled-Tuesday-Blitz-January-30-2024"]
[Site "Chess.com"]
[Date "2024.01.30"]
[Round "1"]
[White "GMWSO"]
[Black "Defend1r"]
[Result "1-0"]
[WhiteElo "3099"]
[BlackElo "2537"]
[TimeControl "180+1"]
[EndTime "14:10:07 PST"]
[Termination "GMWSO won by checkmate"]

1. d4 Nf6 2. c4 e6 3. Nc3 Bb4 4. Bd2 c5 5. a3 Bxc3 6. Bxc3 Ne4 7. Rc1 Nxc3 8. Rxc3 cxd4 9. Qxd4 Nc6 10. Qxg7 Rf8 11. e3 d5 12. cxd5 exd5 13. Bb5 Qd6 14. Nf3 Bf5 15.
Qe5+ Qxe5 16. Nxe5 Bd7 17. Nxc6 bxc6 18. Bxc6 Bxc6 19.
Rxc6 Kd7 20. Rc3 Rab8 21. b3 Rg8 22. O-O Rb7 23. Rd1 Ke6 24. b4 Rd8 25. h4 Rd6 26. Kh2 Rbb6 27. g4 Ra6 28. Kg3 Ra4 29. Rd4 h6 30.
Kf4 a5 31. b5 Rxd4+ 32. exd4 Kd7 33. a4 Re6 34. Re3 Rf6+ 35. Kg3 Kd6 36. f4 Rg6 37. f5 Rg8 38. Kf4 Rc8 39. g5 hxg5+ 40. Kxg5 Rc4 41. h5 Rc1 42. h6 Rh1 43. Rc3 Ke7 44. b6 f6+ 45.
Kg6 Rg1+ 46. Kh7 Kd6 47. Rb3 Re1 48. b7 Re8 49. b8=Q+ Ke7 50. Re3+ Kd7 51. Qxe8+ Kc7 52. Kg6 Kb6 53. h7 Ka6 54. h8=Q Kb6 55. Qxf6+ Kb7 56. Qfe5 Ka7 57. f6 Kb7 58. f7 Kb6 59. f8=Q Ka7 60. Qxd5 Ka6 61. Qff5 Kb6 62. Qxa5+ Kb7 63. Qac5 Ka6 64. a5 Kb7 65. Qf2 Ka6 66. Qb4 Ka7 67. d5 Ka6 68. d6 Ka7 69. d7 Ka6 70. d8=Q Ka7 71. Qd1 Ka6 72. Qfe1 Ka7 73. Qee4 Ka6 74. Qec2 Ka7 75. Qbc4 Ka8 76. a6 Ka7 77. Ra3 Ka8 78. a7 Kb7 79. a8=Q+ Kb6 80. Qh8 Kb7 81. Kf5 Kb6 82.
Ke4 Kb7 83. Kd3 Kb6 84. Kc3 Kb7 85. Kb4 Kb6 86. Q2b3 Kb7 87. Ka4+ Ka7 88. Qcc3 Ka6 89. Ra2 Ka7 90. Qdc2 Ka6 91. Qec1 Ka7 92. Q1b2 Ka6 93. Qh1 Ka7 94. Qhb1 Ka8 95. Kb4+ Kb7 96. Kc5+ Kc7 97. Kd5+ Kd7 98. Qd4 Ke7 99. Ke5 Kf8 100. Ke6 Kg8 101. Qce4 Kf8 102. Qbe3 Kg8 103. Qbe2 Kf8 104. Qbd3 Ke8 105. Ra1 Kf8 106. Rf1+ Ke8 107. Kf6+ Kf8 108. Qf5 Kg8 109. Qef4 Kf8 110. Qef3 Kg8 111. Qde5 Kf8 112. Qde4 Kg8 113. Rg1+ Kf8 114. Kg6+ Kg8 115. Qe7 Kh8 116. Rg5 Kg8 117. Q3g4 Kh8 118. Q7e5+ Kg8 119. Kh6# 1-0

[Event "Late-Titled-Tuesday-Blitz-January-30-2024"]
[Site "Chess.com"]
[Date "2024.01.30"]
[Round "2"]
[White "Narek_Ghimoyan"]
[Black "yaguigor"]
[Result "0-1"]
[WhiteElo "2382"]
[BlackElo "2634"]
[TimeControl "180+1"]
[EndTime "14:11:22 PST"]
[Termination "yaguigor won by resignation"]

1. d4 d5 2. c4 c6 3. Nf3 Nf6 4. Nc3 e6 5. e3 Nbd7 6. Bd3 dxc4 7. Bxc4 b5 8. Bd3 a6 9. e4 c5 10. e5 cxd4 11. Nxb5 axb5 12. exf6 gxf6 13. Bxb5 Qa5+ 0-1

[Event "Late-Titled-Tuesday-Blitz-January-30-2024"]
[Site "Chess.com"]
[Date "2024.01.30"]
[Round "2"]
[White "ArchibaldCerveza29"]
[Black "Mr_November18"]
[Result "1-0"]
[WhiteElo "2460"]
[BlackElo "2073"]
[TimeControl "180+1"]
[EndTime "14:11:37 PST"]
[Termination "ArchibaldCerveza29 won by resignation"]

1. b3 e5 2. Bb2 Nc6 3. g3 d5 4. Bg2 Nf6 5. d3 Bd6 6. Nd2 Be6 7. e3 O-O 8. Ne2 a5 9. h3 a4 10. O-O a3 11. Bc1 Qd7 12. Kh2 e4 13. d4 h5 14.
Nf4 g5 15. Nxh5 g4 16. Nxf6+ 1-0

[Event "Late-Titled-Tuesday-Blitz-January-30-2024"]
[Site "Chess.com"]
[Date "2024.01.30"]
[Round "2"]
[White "DenLaz"]
[Black "ozates"]
[Result "1-0"]
[WhiteElo "3042"]
[BlackElo "2638"]
[TimeControl "180+1"]
[EndTime "14:11:54 PST"]
[Termination "DenLaz won by resignation"]

1. d4 g6 2. c4 Bg7 3. Nf3 d6 4. g3 Nf6 5. Bg2 O-O 6. Nc3 Nc6 7.
O-O a6 8. h3 Rb8 9. e4 e5 10.
Be3 Re8 11. d5 Na5 12. Nd2 c5 13. a3 b5 14. cxb5 axb5 15. b4 cxb4 16. axb4 Nc4 17.
Nxc4 bxc4 18. b5 Be6 19. dxe6 1-0

[Event "Late-Titled-Tuesday-Blitz-January-30-2024"]
[Site "Chess.com"]
[Date "2024.01.30"]
[Round "2"]
[White "ferdipy"]
[Black "Jagerrmeisterr"]
[Result "0-1"]
[WhiteElo "2406"]
[BlackElo "2721"]
[TimeControl "180+1"]
[EndTime "14:11:59 PST"]
[Termination "Jagerrmeisterr won by checkmate"]

1. e4 c6 2. d4 d5 3. exd5 cxd5 4. Bd3 Nc6 5. c3 Nf6 6. Bf4 g6 7. Nd2 Bf5 8. Bxf5 gxf5 9. Ngf3 e6 10. Bg5 Be7 11.
O-O Ne4 12. Bxe7 Qxe7 13. Kh1 Rg8 14. Ne1 Qh4 15. g3 Qh3 16. Nxe4 Qxf1# 0-1

[Event "Late-Titled-Tuesday-Blitz-January-30-2024"]
[Site "Chess.com"]
[Date "2024.01.30"]
[Round "2"]
[White "finec2"]
[Black "szachmistrz2500"]
[Result "0-1"]
[WhiteElo "2234"]
[BlackElo "2508"]
[TimeControl "180+1"]
[EndTime "14:12:05 PST"]
[Termination "szachmistrz2500 won by resignation"]

1. d4 Nf6 2. Bf4 g6 3. e3 Bg7 4. Nf3 O-O 5. h3 d6 6. c4 b6 7.
Nc3 Bb7 8. Bd3 Nbd7 9. O-O Re8 10. Bh2 e5 11. Be2 Ne4 12. Qc2 Nxc3 13. Qxc3 exd4 14.
exd4 Rxe2 0-1

[Event "Late-Titled-Tuesday-Blitz-January-30-2024"]
[Site "Chess.com"]
[Date "2024.01.30"]
[Round "2"]
[White "Agibileg"]
[Black "esrosenberg"]
[Result "0-1"]
[WhiteElo "2718"]
[BlackElo "2424"]
[TimeControl "180+1"]
[EndTime "14:12:07 PST"]
[Termination "esrosenberg won by resignation"]

1. d4 d5 2. c4 e6 3. Nc3 c5 4.
cxd5 cxd4 5. Qa4+ Bd7 6. Qxd4 exd5 7. Qxd5 Nf6 8. Qd1 Bc5 9. Nf3 O-O 10. Bg5 Qb6 11. e3 Qxb2 12. Bxf6 gxf6 13. Qc1 Ba3 0-1

[Event "Late-Titled-Tuesday-Blitz-January-30-2024"]
[Site "Chess.com"]
[Date "2024.01.30"]
[Round "2"]
[White "Slovineanu"]
[Black "yujiarun18"]
[Result "1-0"]
[WhiteElo "2463"]
[BlackElo "2095"]
[TimeControl "180+1"]
[EndTime "14:12:24 PST"]
[Termination "Slovineanu won by resignation"]

1. d4 d5 2. Nf3 Nf6 3. c4 e6 4. e3 Be7 5. b3 O-O 6. Bd3 b6 7.
O-O Bb7 8. Bb2 Nbd7 9. Nc3 dxc4 10.
bxc4 c5 11. Qe2 Rc8 12. Rad1 Qc7 13. Ne5 Nxe5 14. dxe5 Qxe5 15. Nd5 Qd6 16. Nxf6+ Bxf6 17. Bxh7+ Kxh7 18. Rxd6 1-0

[Event "Late-Titled-Tuesday-Blitz-January-30-2024"]
[Site "Chess.com"]
[Date "2024.01.30"]
[Round "2"]
[White "Pingah9"]
[Black "Jenia84"]
[Result "1-0"]
[WhiteElo "2522"]
[BlackElo "2279"]
[TimeControl "180+1"]
[EndTime "14:12:45 PST"]
[Termination "Pingah9 won by resignation"]

1. e4 c5 2. Nc3 Nc6 3. g3 g6 4.
Bg2 Bg7 5. d3 d6 6. Be3 Nf6 7.
h3 O-O 8. Qd2 Nd4 9. Nge2 Nxe2 10.
Nxe2 Nd7 11. c3 Qb6 12. O-O e5 13. f4 exf4 14. Bxf4 Ne5 15. Kh2 f5 16. exf5 Bxf5 17. d4 cxd4 18. Nxd4 Nc4 19. Bd5+ 1-0

[Event "Late-Titled-Tuesday-Blitz-January-30-2024"]
[Site "Chess.com"]
[Date "2024.01.30"]
[Round "2"]
[White "vesalhamedinia"]
[Black "AndreyNeves"]
[Result "1-0"]
[WhiteElo "2458"]
[BlackElo "2070"]
[TimeControl "180+1"]
[EndTime "14:12:46 PST"]
[Termination "vesalhamedinia won by resignation"]

1. d4 d5 2. c4 e6 3. Nc3 Nf6 4.
Nf3 a6 5. cxd5 exd5 6. Bg5 Be6 7. e3 Nbd7 8. Qb3 Bd6 9. Bd3 O-O 10. O-O b5 11.
Qc2 h6 12. Bh4 c5 13. dxc5 Nxc5 14. Nd4 b4 15. Nce2 Rc8 16. Qd1 a5 17. Rc1 Qe7 18. Nf5 Bxf5 19. Bxf5 Nce4 20. Bxc8 1-0

[Event "Late-Titled-Tuesday-Blitz-January-30-2024"]
[Site "Chess.com"]
[Date "2024.01.30"]
[Round "2"]
[White "nindjaxx8"]
[Black "Hirna2005"]
[Result "1-0"]
[WhiteElo "2600"]
[BlackElo "2270"]
[TimeControl "180+1"]
[EndTime "14:12:54 PST"]
[Termination "nindjaxx8 won by checkmate"]

1. d4 g6 2. c4 Bg7 3. Nc3 d6 4. e4 Nc6 5. Be3 e5 6. d5 Nce7 7. Bd3 f5 8. exf5 gxf5 9. Bg5 Nf6 10. Bxf6 Bxf6 11. Qh5+ Kf8 12. Nge2 a6 13. O-O-O Qe8 14. Qh6+ Bg7 15. Qd2 Rg8 16. f4 Qg6 17.
Rhg1 Bh6 18. g4 fxg4 19. Bxg6 Nxg6 20. Rdf1 Nxf4 21. Nxf4 Bxf4 22. Rxf4+ exf4 23. Qxf4+ Kg7 24. Rf1 Kh8 25. Qf6+ Rg7 26. Qd8+ Rg8 27. Rf8 Be6 28.
Qf6# 1-0

[Event "Late-Titled-Tuesday-Blitz-January-30-2024"]
[Site "Chess.com"]
[Date "2024.01.30"]
[Round "2"]
[White "GMthekingindian"]
[Black "Dedic8"]
[Result "0-1"]
[WhiteElo "2411"]
[BlackElo "2812"]
[TimeControl "180+1"]
[EndTime "14:12:55 PST"]
[Termination "Dedic8 won by resignation"]

1. d4 Nf6 2. c4 e6 3. Nc3 d5 4. cxd5 exd5 5. Bg5 Be7 6. e3 h6 7. Bh4 c6 8. Bd3 O-O 9. Qc2 Ne8 10. Bxe7 Qxe7 11. Nge2 Nd7 12. O-O Ndf6 13. Rae1 Nd6 14. f3 Qxe3+ 15. Kh1 Re8 16. Qd1 Bf5 17. Nc1 Qxd4 18.
Bxf5 Qxd1 19. Rxd1 Nxf5 0-1

[Event "Late-Titled-Tuesday-Blitz-January-30-2024"]
[Site "Chess.com"]
[Date "2024.01.30"]
[Round "2"]
[White "kaanadayhamle"]
[Black "Rakitic2010"]
[Result "1-0"]
[WhiteElo "2408"]
[BlackElo "2634"]
[TimeControl "180+1"]
[EndTime "14:12:57 PST"]
[Termination "kaanadayhamle won by resignation"]

1. Nf3 Nf6 2. d4 c5 3. d5 e6 4. dxe6 fxe6 5. Bg5 Be7 6. Nc3 O-O 7.
e4 d5 8. exd5 Nxd5 9. Bxe7 Qxe7 10. Bc4 Nc6 11. O-O Nxc3 12. bxc3 Kh8 13. Qe2 e5 14. Rfe1 Bg4 15. Bd5 Rad8 16. Bxc6 bxc6 17. Qxe5 Qf7 18. Re3 Qd7 19. Rae1 Rde8 20. Qxe8 1-0

[Event "Late-Titled-Tuesday-Blitz-January-30-2024"]
[Site "Chess.com"]
[Date "2024.01.30"]
[Round "2"]
[White "Gryffindorac8"]
[Black "Yaacovn"]
[Result "0-1"]
[WhiteElo "2413"]
[BlackElo "2814"]
[TimeControl "180+1"]
[EndTime "14:13:07 PST"]
[Termination "Yaacovn won by resignation"]

1. d4 Nf6 2. c4 e5 3. dxe5 Ne4 4. a3 d6 5. exd6 Bxd6 6. Nf3 Nxf2 7. Kxf2 Bc5+ 8. Ke1 Bf2+ 9. Kxf2 Qxd1 10. Nc3 Qd6 11. Be3 c6 12. Rd1 Qe7 13. Bg5 f6 14. Bf4 Nd7 15.
e3 Ne5 16. Be2 Ng4+ 17. Kf1 g5 18. Bg3 Nxe3+ 0-1

[Event "Late-Titled-Tuesday-Blitz-January-30-2024"]
[Site "Chess.com"]
[Date "2024.01.30"]
[Round "2"]
[White "MFatigue"]
[Black "miraitrunks"]
[Result "1-0"]
[WhiteElo "2473"]
[BlackElo "2131"]
[TimeControl "180+1"]
[EndTime "14:13:15 PST"]
[Termination "MFatigue won by resignation"]

1. e4 c5 2. a3 d5 3. exd5 Qxd5 4. Nc3 Qd8 5. Nf3 Nf6 6. d4 cxd4 7. Qxd4 Qxd4 8.
Nxd4 Bd7 9. Ncb5 Na6 10. Be3 Nd5 11. O-O-O Nxe3 12. fxe3 e5 13. Nf3 f6 14. Be2 Bc5 15.
Nd6+ Bxd6 16. Rxd6 Ke7 17. Rhd1 Rhd8 18. Bxa6 bxa6 19. Rxa6 Bg4 20. Rxd8 Rxd8 21. Rxa7+ Kf8 22. b4 e4 23. Nd4 f5 24. g3 h5 25. Ne6+ 1-0

[Event "Late-Titled-Tuesday-Blitz-January-30-2024"]
[Site "Chess.com"]
[Date "2024.01.30"]
[Round "2"]
[White "bitter-cikolata"]
[Black "krzyzan94"]
[Result "0-1"]
[WhiteElo "2545"]
[BlackElo "2775"]
[TimeControl "180+1"]
[EndTime "14:13:20 PST"]
[Termination "krzyzan94 won by resignation"]

1. e4 c5 2. Nf3 d6 3. d4 cxd4 4. Nxd4 Nf6 5. Nc3 a6 6. Bg5 Nbd7 7. Bc4 Qa5 8. Qd2 g6 9. O-O Bg7 10. Rfe1 O-O 11. Bb3 Nc5 12. Bxf6 exf6 13. Nd5 Qxd2 0-1

[Event "Late-Titled-Tuesday-Blitz-January-30-2024"]
[Site "Chess.com"]
[Date "2024.01.30"]
[Round "2"]
[White "platy3"]
[Black "stasOR4ik"]
[Result "1-0"]
[WhiteElo "2856"]
[BlackElo "2416"]
[TimeControl "180+1"]
[EndTime "14:13:23 PST"]
[Termination "platy3 won by resignation"]

1. e4 c6 2. Nf3 d5 3. Nc3 Bg4 4. h3 Bxf3 5. Qxf3 d4 6. Bc4 Nf6 7. Ne2 Nbd7 8. Bb3 a5 9. a4 e5 10. d3 Bb4+ 11. Kf1 O-O 12. g4 Nc5 13. Ba2 Ne6 14. Ng3 b5 15. Nf5 Ne8 16. Qg3 Qc7 17.
h4 bxa4 18. g5 Rb8 19. h5 a3 20. g6 fxg6 21. Bxe6+ Kh8 22. hxg6 h6 23. Bxh6 a2 1-0

[Event "Late-Titled-Tuesday-Blitz-January-30-2024"]
[Site "Chess.com"]
[Date "2024.01.30"]
[Round "2"]
[White "kai_nov"]
[Black "dodoucb"]
[Result "1-0"]
[WhiteElo "2301"]
[BlackElo "2511"]
[TimeControl "180+1"]
[EndTime "14:13:24 PST"]
[Termination "kai_nov won by resignation"]

1. d4 Nf6 2. c4 e6 3. Nc3 Bb4 4. f3 d5 5. a3 Bxc3+ 6. bxc3 O-O 7. e3 c5 8. cxd5 exd5 9. Bd3 b6 10. Ne2 Ba6 11. O-O Re8 12. Ng3 Bxd3 13. Qxd3 Qe7 14. e4 h6 15. e5 Nfd7 16. f4 Nc6 17. Nf5 Qd8 18. Qg3 g6 19. Nxh6+ Kf8 20. f5 1-0

[Event "Late-Titled-Tuesday-Blitz-January-30-2024"]
[Site "Chess.com"]
[Date "2024.01.30"]
[Round "2"]
[White "Giantgoogachess"]
[Black "GianmarcoVaR"]
[Result "0-1"]
[WhiteElo "2402"]
[BlackElo "2673"]
[TimeControl "180+1"]
[EndTime "14:14:00 PST"]
[Termination "GianmarcoVaR won by resignation"]

1. d4 Nf6 2. c4 e6 3. Nc3 Bb4 4. e3 O-O 5. Bd2 d5 6. a3 Bd6 7. Nf3 Nbd7 8. cxd5 exd5 9. Bd3 c6 10. O-O Re8 11. Qc2 Qe7 12. Rfe1 Ne4 13. h3 Nf8 14.
b4 a6 15. Na4 Ng6 16. Nc5 Nh4 17. Nxh4 Qxh4 18. Nxe4 dxe4 19. Bf1 Re6 20. Bc3 Rg6 21. Kh1 Bxh3 22. gxh3 Qg5 0-1

[Event "Late-Titled-Tuesday-Blitz-January-30-2024"]
[Site "Chess.com"]
[Date "2024.01.30"]
[Round "2"]
[White "OparinGrigoriy"]
[Black "ukchessbomber"]
[Result "1-0"]
[WhiteElo "2992"]
[BlackElo "2619"]
[TimeControl "180+1"]
[EndTime "14:14:07 PST"]
[Termination "OparinGrigoriy won by resignation"]

1. Nf3 b6 2. e4 Bb7 3. Nc3 e6 4. d4 d6 5. Bd3 Nd7 6. O-O g6 7. Re1 Bg7 8. a4 a6 9. h3 Ngf6 10. Bf4 O-O 11. Qd2 Nh5 12. Bh6 e5 13. dxe5 Nxe5 14.
Nxe5 dxe5 15. Bg5 Bf6 16. Be3 Ng7 17. Rad1 Ne6 18. Bc4 Nd4 19. Nd5 b5 20. Ba2 Bg7 21.
Bg5 Qb8 22. Nf6+ Kh8 23. c3 Ne6 24. Bxe6 fxe6 25. Nd7 Qe8 26. Nxf8 Qxf8 27. Qd7 1-0

[Event "Late-Titled-Tuesday-Blitz-January-30-2024"]
[Site "Chess.com"]
[Date "2024.01.30"]
[Round "2"]
[White "Hamisandwich"]
[Black "Akhayan"]
[Result "1-0"]
[WhiteElo "2710"]
[BlackElo "2355"]
[TimeControl "180+1"]
[EndTime "14:14:09 PST"]
[Termination "Hamisandwich won by resignation"]

1. e4 a6 2. c4 e6 3. Nc3 b6 4.
d4 Bb7 5. Bd3 Nf6 6. Nge2 Bb4 7.
O-O Bxc3 8. Nxc3 d6 9. f4 O-O 10. Be3 Nfd7 11. Qh5 g6 12. Qh6 f5 13. d5 exd5 14.
exf5 gxf5 15. Bd4 Rf7 16. Rf3 Nf8 17. Rg3+ Ng6 18. Rxg6+ 1-0

[Event "Late-Titled-Tuesday-Blitz-January-30-2024"]
[Site "Chess.com"]
[Date "2024.01.30"]
[Round "2"]
[White "leotobares"]
[Black "AlleyOoper"]
[Result "0-1"]
[WhiteElo "2399"]
[BlackElo "2660"]
[TimeControl "180+1"]
[EndTime "14:14:16 PST"]
[Termination "AlleyOoper won by resignation"]

1. c4 e5 2. Nc3 Nf6 3. g3 Bb4 4. Bg2 Bxc3 5. bxc3 O-O 6. Nf3 d6 7. O-O Re8 8. d3 e4 9. Nd4 Nbd7 10. Rb1 Nc5 11. Ba3 Bd7 12. Qc2 Ba4 13. Qd2 Rb8 14.
Nb3 b6 15. Nd4 Qd7 16. Rfc1 Rbd8 17. Re1 h6 18. Nb5 Bxb5 19. Rxb5 exd3 20. exd3 Rxe1+ 21. Qxe1 Nxd3 22. Qd2 Ne5 23. Bc1 Nxc4 0-1

[Event "Late-Titled-Tuesday-Blitz-January-30-2024"]
[Site "Chess.com"]
[Date "2024.01.30"]
[Round "2"]
[White "kleinebeer98"]
[Black "Filipets"]
[Result "0-1"]
[WhiteElo "2847"]
[BlackElo "2597"]
[TimeControl "180+1"]
[EndTime "14:14:18 PST"]
[Termination "Filipets won by resignation"]

1. e4 d6 2. d4 Nf6 3. Nc3 g6 4.
h4 c6 5. h5 Nxh5 6. g4 Nf6 7.
g5 Nfd7 8. f4 Bg7 9. a4 h5 10.
gxh6 Rxh6 11. Rxh6 Bxh6 12. f5 Bxc1 13. Qxc1 Nf8 14.
Qf4 Qa5 15. Bd3 Nbd7 16. O-O-O Nb6 17. e5 Bxf5 18. Bxf5 gxf5 19. exd6 Ng6 20. Qe3 Nc4 21. Qe2 Qb4 22. d7+ Kd8 23. Qxc4 Qxc4 24. Nf3 e6 25.
Rg1 Qb4 26. Ne5 Nxe5 27. Rg8+ Kxd7 28. dxe5 Rxg8 0-1

[Event "Late-Titled-Tuesday-Blitz-January-30-2024"]
[Site "Chess.com"]
[Date "2024.01.30"]
[Round "2"]
[White "Evgeny81"]
[Black "Sacbutt"]
[Result "1-0"]
[WhiteElo "2713"]
[BlackElo "2368"]
[TimeControl "180+1"]
[EndTime "14:14:23 PST"]
[Termination "Evgeny81 won by resignation"]

1. e4 c5 2. Nf3 d6 3. d4 cxd4 4.
Nxd4 Nf6 5. Nc3 a6 6. f3 e5 7. Nb3 Be6 8. Be3 Nbd7 9. Qd2 b5 10.
g4 Nb6 11. g5 Nfd7 12. h4 Be7 13. O-O-O Nc4 14. Qf2 O-O 15. Kb1 Nxe3 16. Qxe3 Qc7 17. Bh3 Nb6 18. h5 Nc4 19. Qc1 Rac8 20. g6 Nxb2 21.
gxf7+ Kxf7 22. Bxe6+ Kxe6 23. Nd5 Qc4 24. Qxb2 Rxf3 25.
Nb6 1-0

[Event "Late-Titled-Tuesday-Blitz-January-30-2024"]
[Site "Chess.com"]
[Date "2024.01.30"]
[Round "2"]
[White "jlf287"]
[Black "ARTHURMOTIVATOR"]
[Result "1-0"]
[WhiteElo "2510"]
[BlackElo "2251"]
[TimeControl "180+1"]
[EndTime "14:14:30 PST"]
[Termination "jlf287 won by checkmate"]

1. d4 Nf6 2. c4 c5 3. Nf3 cxd4 4.
Nxd4 e5 5. Nb5 d5 6. cxd5 Bc5 7.
N5c3 O-O 8. g3 Ng4 9. e3 f5 10. Bg2 f4 11. O-O fxe3 12. fxe3 Bxe3+ 13. Bxe3 Nxe3 14. Rxf8+ Qxf8 15. Qe2 Qc5 16. Qf2 Na6 17. Nd2 Bf5 18. Nb3 Qb6 19. Na4 Qb4 20. Qxe3 Qxa4 21.
Qxe5 Bc2 22. Nd4 Re8 23. Ne6 Nc5 24. Qxg7# 1-0

[Event "Late-Titled-Tuesday-Blitz-January-30-2024"]
[Site "Chess.com"]
[Date "2024.01.30"]
[Round "2"]
[White "Mahan_83"]
[Black "iamanoush"]
[Result "1-0"]
[WhiteElo "2779"]
[BlackElo "2475"]
[TimeControl "180+1"]
[EndTime "14:14:38 PST"]
[Termination "Mahan_83 won by resignation"]

1. e4 c6 2. d4 d5 3. Nc3 dxe4 4. Nxe4 Nf6 5. Nc3 Bf5 6. Nf3 e6 7. Bd3 Bg6 8. O-O Be7 9. Bf4 Nbd7 10. Re1 O-O 11.
Bxg6 hxg6 12. Ne5 Nxe5 13. Bxe5 Qd7 14. Qf3 Rad8 15. Rad1 Qc8 16. g3 b6 17. h4 c5 18. d5 exd5 19. Bxf6 Bxf6 20. Nxd5 Rd6 21. h5 gxh5 22. Qxh5 c4 23. Kg2 Qc6 24. Rh1 Bh4 25.
Rxh4 Rh6 26. Qf3 1-0

[Event "Late-Titled-Tuesday-Blitz-January-30-2024"]
[Site "Chess.com"]
[Date "2024.01.30"]
[Round "2"]
[White "DavidGavrilescu18"]
[Black "guillembaches"]
[Result "1-0"]
[WhiteElo "2773"]
[BlackElo "2543"]
[TimeControl "180+1"]
[EndTime "14:14:44 PST"]
[Termination "DavidGavrilescu18 won on time"]

1. e4 d5 2. exd5 Qxd5 3. Nf3 Bg4 4. Be2 Nc6 5. d4 O-O-O 6. c4 Qf5 7. Be3 Bxf3 8.
Bxf3 Nxd4 9. Bxd4 Qe6+ 10. Be2 Qe4 11. O-O Qxd4 12. Qa4 e5 13. Nc3 a6 14. Rfd1 Qb6 15. Bg4+ 1-0

[Event "Late-Titled-Tuesday-Blitz-January-30-2024"]
[Site "Chess.com"]
[Date "2024.01.30"]
[Round "2"]
[White "j_coca"]
[Black "jamengrand"]
[Result "0-1"]
[WhiteElo "2497"]
[BlackElo "2272"]
[TimeControl "180+1"]
[EndTime "14:14:56 PST"]
[Termination "jamengrand won by resignation"]

1. f4 e5 2. fxe5 d6 3. exd6 Nf6 4. dxc7 Qxc7 5. Nf3 Bd6 6. d3 Ng4 7. e4 Bxh2 8. Nxh2 Qg3+ 9. Kd2 Qe3+ 10. Kc3 Qc5+ 11.
Kb3 Nf2 12. Qf3 Nc6 13. c3 Be6+ 14. Kc2 Nd4+ 15. Kd2 Nxf3+ 16. Nxf3 Nxh1 17. d4 O-O-O 18. Bd3 Qh5 19. Kc2 Bg4 20. Ne5 Bd1+ 21. Kd2 Nf2 22. Bc4 Qxe5 23. Ke1 Qg3 24. Nd2 Bc2 25. Ke2 Rhe8 26. e5 Bd3+ 27. Bxd3 Nxd3 28. Nf3 Nxc1+ 29. Rxc1 Qxg2+ 30. Ke3 Qxb2 31. Rg1 Qxc3+ 32. Ke4 Rxd4+ 33. Nxd4 Rxe5+ 34. Kxe5 Qe3+ 35. Kd5 Qxg1 0-1

[Event "Late-Titled-Tuesday-Blitz-January-30-2024"]
[Site "Chess.com"]
[Date "2024.01.30"]
[Round "2"]
[White "Orest_Vovk"]
[Black "MajorCoast"]
[Result "1-0"]
[WhiteElo "2501"]
[BlackElo "2218"]
[TimeControl "180+1"]
[EndTime "14:15:07 PST"]
[Termination "Orest_Vovk won by resignation"]

1. g4 h5 2. g5 g6 3. Bg2 Bg7 4.
Nc3 c6 5. d4 d5 6. Nf3 Bg4 7. h3 Bxf3 8. Bxf3 e6 9. Bf4 Nd7 10.
Qd3 Ne7 11. O-O-O b5 12. e4 b4 13. Na4 Qa5 14. b3 Nb6 15. Nc5 Qa3+ 16. Kb1 Nd7 17. Nb7 Nb8 18. Be2 O-O 19. Bc1 dxe4 20. Qxe4 Qxa2+ 21.
Kxa2 Nd5 22. Bb2 a5 23. Nc5 a4 24. Nxa4 Rxa4+ 25. bxa4 Na6 26. Bxa6 1-0

[Event "Late-Titled-Tuesday-Blitz-January-30-2024"]
[Site "Chess.com"]
[Date "2024.01.30"]
[Round "2"]
[White "KnobbedHornbill"]
[Black "Hui_Li_Macau"]
[Result "0-1"]
[WhiteElo "2524"]
[BlackElo "2331"]
[TimeControl "180+1"]
[EndTime "14:15:10 PST"]
[Termination "Hui_Li_Macau won by resignation"]

1. d4 d5 2. c4 e6 3. Nf3 Nf6 4. g3 dxc4 5. Bg2 Be7 6. O-O O-O 7. Qc2 a6 8. a4 Bd7 9. Qxc4 Bc6 10. Bf4 a5 11. Nc3 Na6 12. Rfd1 Nb4 13. Bg5 Bd5 14.
Nxd5 exd5 15. Qc1 c6 16. Ne5 Nd7 17. Bf4 Nxe5 18. Bxe5 Bd6 19. Bf4 Re8 20. Bxd6 Qxd6 21. e3 g6 22. Qc3 Re7 23. b3 Ree8 24. Re1 Re7 25. Rad1 Rae8 26. Bf3 Qf6 27. Kg2 Qd6 28. h4 h5 29. g4 hxg4 30. Bxg4 Re4 31. f3 R4e7 32. Rh1 Rxe3 0-1

[Event "Late-Titled-Tuesday-Blitz-January-30-2024"]
[Site "Chess.com"]
[Date "2024.01.30"]
[Round "2"]
[White "js20000"]
[Black "masnyszachistaaa"]
[Result "1-0"]
[WhiteElo "2770"]
[BlackElo "2543"]
[TimeControl "180+1"]
[EndTime "14:15:11 PST"]
[Termination "js20000 won by resignation"]

1. d4 d5 2. c4 c6 3. Nc3 Nf6 4.
cxd5 cxd5 5. Bf4 Nc6 6. e3 Bf5 7. Qb3 Na5 8. Qa4+ Bd7 9. Qc2 e6 10. Nf3 Rc8 11. Bd3 Be7 12. Ne5 O-O 13. O-O a6 14. h3 b5 15. Qe2 Nc4 16. Rac1 h6 17. b3 Nb6 18. Rc2 Bb4 19. Rfc1 Ba3 20. Rd1 Qe7 21. g4 Bb4 22. Rdc1 Ba3 23. Rd1 Bb4 24. Nb1 Rxc2 25. Bxc2 Ne4 26. f3 Nc3 27. Nxc3 Bxc3 28. Qd3 f5 29. Qxc3 Re8 30. Qc5 Qd8 31. gxf5 exf5 32.
Nxd7 1-0